 Dungeon Crawl Stone Soup version 0.29-a0-275-g389c0b56f3 (webtiles) character file.

Game seed: 9187687563455277924

47 epen the Ducker (level 3, -2/37 HPs)
             Began as a Djinni Air Elementalist on Mar 11, 2022.
             Slain by Sigmund
             ... wielding a +0 scythe
              (4 damage)
             ... on level 2 of the Dungeon.
             The game lasted 00:03:03 (1697 turns).

epen the Ducker (Djinni Air Elementalist)           Turns: 1697, Time: 00:03:03

Health: -2/37      AC: 21    Str:  7    XL:     3   Next: 97%
Gold:   76         EV:  2    Int: 18    God:
                   SH:  0    Dex: 13

rFire   . . .      SeeInvis .   c - +0 dagger
rCold   . . .      Faith    .   (no shield)
rNeg    . . .      Spirit   .   (body armour currently unavailable)
rPois   ∞          Reflect  +   (helmet currently unavailable)
rElec   .          Harm     .   (cloak currently unavailable)
rCorr   .          Rampage  .   (gloves currently unavailable)
Will    +....      NoTele   +   (boots unavailable)
Stlth   +.........              b - amulet of reflection
HPRegen 0.12/turn               h - ring of willpower
MPRegen 0.00/turn               (no ring)

@: confused, tree-form
A: stationary, stasis, torment immunity, boosted hp, sickness immunity, (fire
resistance 2), (cold vulnerability 1), float, innate caster, HP casting, extra
vitality 1, (beak)
a: no special abilities


You were on level 2 of the Dungeon.
You were a tree.
You visited 1 branch of the dungeon, and saw 2 of its levels.

You collected 76 gold pieces.

Inventory:

Hand Weapons
 c - a +0 dagger (weapon)
Missiles
 i - 2 throwing nets
Armour
 a - a +0 robe (melded)
 g - a +2 hat (melded)
Jewellery
 b - an amulet of reflection (around neck)
 h - a ring of willpower (left branch)
Scrolls
 f - a scroll of noise
Potions
 k - a potion of mutation


   Skills:
 + Level 0.1 Fighting
 + Level 3.0 Dodging
 - Level 2.3 Stealth
 + Level 2.8 Spellcasting


You couldn't memorise any spells.
You knew the following spells:

 Your Spells              Type           Power      Damage    Failure   Level
a - Shock                 Conj/Air       48%        1d6       4%          1
b - Static Discharge      Conj/Air       12%        N/A       8%          2
c - Swiftness             Air            12%        N/A       16%         3
d - Airstrike             Air            6%         N/A       45%         4
e - Magic Dart            Conj           48%        1d5       4%          1
Your spell library was empty.

Dungeon Overview and Level Annotations

Branches:
Dungeon (2/15)

Altars:

Annotations:
D:2 Sigmund


Innate Abilities, Weirdness & Mutations

You are a tree.
Your roots penetrate the ground, keeping you stationary.
You cannot be teleported.
You are immune to unholy pain and torment.
Your maximum health is greatly increased.
Your equipment is partially melded.
You are immune to sickness and miasma.
You are immune to poison.
((Your flesh is very heat resistant. (rF++)))
((You are vulnerable to cold. (rC-)))
You float through the air rather than walking.
You learn spells naturally, not from books.
Your magical power is your life essence.
You have superior vitality. (+4 MHP)
((You have a beak for a mouth.))


Message History

Attack!
Sigmund barely misses you.
Your hobgoblin hits Sigmund.
As you read the scroll labelled HEJ ZICEFFIAPH, it crumbles to dust.
It is a scroll of identify.
You don't have any unidentified items.
Sigmund hits you but does no damage.
Your hobgoblin closely misses Sigmund.
Your hobgoblin misses Sigmund.
Your endoplasm closely misses Sigmund.
Sigmund barely misses you.
Your hobgoblin barely misses Sigmund.
Your endoplasm hits Sigmund.
Casting: Shock (safe; 4% risk of failure)
Confirm with . or Enter, or press ? or * to list all spells.
Aiming: Shock (safe; 4% risk of failure)
Press: ? - help, Shift-Dir - straight line, f/p - Sigmund
Aim: Sigmund, wielding a +0 scythe and wearing a +0 robe (severely wounded, ally target, 64% to hit)
Really fire in your hobgoblin's direction?
Okay, then.
Casting: Shock (safe; 4% risk of failure)
Confirm with . or Enter, or press ? or * to list all spells.
Aiming: Shock (safe; 4% risk of failure)
Press: ? - help, Shift-Dir - straight line, p - Sigmund The zap hits Sigmund.
Sigmund is severely wounded.
* * * LOW HITPOINT WARNING * * *
You block Sigmund's attack.
Your hobgoblin hits Sigmund. Your endoplasm hits Sigmund.
Your hobgoblin closely misses Sigmund.
Your endoplasm hits Sigmund. What are your orders? t - Creak!
Orders for allies: a - Attack new target. r - Retreat! s - Stop attacking. g - Guard the area. f - Follow me.
Anything else - Cancel.
Gang up on whom?
Press: ? - help, Dir - move target, f - Sigmund
Aim: Sigmund, wielding a +0 scythe and wearing a +0 robe (almost dead, ally target) Attack!
Sigmund casts a spell at you.
You are confused.
Your endoplasm barely misses Sigmund.
Your hobgoblin barely misses Sigmund.
Sigmund hits you from afar with a +0 scythe.
You die...

#.. #.# ###.## .. #..
..... ####.
..#######.##
....####.##....#.....##
##...##.##.#..#.###.##
#.....#.##.#..#.##...#
#...@.#.##.#..#.##...#
#..Jg.#.##.#....##<...
#....♣#.##.#....##...#
#.....#.##.#....##...#
#..........#.##.###.##
#.....#.##...##..##.##
#.#####.##.#####.##.##
#.......# #.##.#
#.##.## #........
..##.# ###..#.##
#.......## ####.#
#.......# #..†....# #.#
#.......#


You could see Sigmund (ally target), a friendly endoplasm (summoned) and a
friendly hobgoblin (summoned).

Vanquished Creatures
  A gnoll (D:1)
  A dart slug (D:1)
  2 bats
  2 endoplasms (D:1)
  A giant cockroach (D:1)
  6 goblins
  2 hobgoblins (D:1)
  4 kobolds
  9 ball pythons
  A frilled lizard (D:2)
  3 rats
32 creatures vanquished.

Notes
Turn   | Place    | Note
-------+----------+-------------------------------------------
     0 | D:1      | epen the Djinni Air Elementalist began the quest for the
                  | Orb.
     0 | D:1      | Reached XP level 1. HP: 15/15 MP: 0/0
    38 | D:1      | Reached XP level 2. HP: 15/21 MP: 0/0
   351 | D:1      | Found a faded altar of an unknown god.
   362 | D:1      | Reached XP level 3. HP: 24/25 MP: 0/0
   362 | D:1      | Learned a level 1 spell: Magic Dart
  1204 | D:2      | Reached skill level 3 in Dodging
  1672 | D:2      | Noticed Sigmund
  1683 | D:2      | HP: 1/25 [Sigmund/magic dart (6)]
  1684 | D:2      | Gained mutation: You have a beak for a mouth. [potion of
                  | mutation]
  1697 | D:2      | Slain by Sigmund

Illustrated notes

Levels and vault maps discovered:
D:1:      beargit_arrival_greenhouse, layout_loops_ring,
          ebering_ecumenical_altar_box
D:2:      layout_basic, uniq_sigmund

Skill      XL: |  1  2  3 |
---------------+----------+-----
Stealth        | 2 |  2.3
Dodging        | 3 |  3.0
Fighting       | |  0.1
Spellcasting   | |  2.8

Action                   || total
-------------------------++-------
 Cast: Shock             ||    77
  Use: Scroll            ||     3
       Potion            ||     2
Armor: Robe              ||     2
       Skin              ||     2
Dodge: Dodged            ||     8
Block: Other             ||     3

Table legend: (Time is in decaauts)
 A = Elapsed time spent in this place.
 B = Non-inter-level travel time spent in this place.
 C = Inter-level travel time spent in this place.
 D = Time resting spent in this place.
 E = Time spent auto-exploring this place.
 F = Levels seen in this place.
 G = Mean time per level.
                   A        B        C        D        E       F      G
               +--------+--------+--------+--------+--------+-----+--------+
         Total |   1695 |   1683 |     12 |      0 |   1504 |   2 |  847.5 |
       Dungeon |   1695 |   1683 |     12 |      0 |   1504 |   2 |  847.5 |
               +--------+--------+--------+--------+--------+-----+--------+

Top non-repeatable levels by time:
     D:1: 1003 daAuts
     D:2: 692 daAuts
